 Dungeon Crawl Stone Soup version 0.31-a0-4-gefa6de2278 (webtiles) character file.

Game seed: 4318390080026593893

123 testman the Stinger (level 4, -12/30 HPs)
             Began as a Demonspawn Venom Mage on May 3, 2023.
             Was an Initiate of Ashenzari.
             Mangled by a sleepcap (20 damage)
             ... on level 4 of the Dungeon.
             The game lasted 00:10:39 (2594 turns).

testman the Stinger (Demonspawn Venom Mage)         Turns: 2594, Time: 00:10:39

Health: -12/30     AC:  7    Str:  8    XL:     4   Next: 79%
Magic:  14/16      EV:  2    Int: 23    God:    Ashenzari [......]
Gold:   256        SH:  0    Dex: 13    Spells: 1/7 levels left

rFire   . . .        v - +0 demon blade (venom)
rCold   + . .        (no shield)
rNeg    . . .        m - +3 leather armour of Hadjma {rPois Int+4}
rPois   +            (no helmet)
rElec   .            (no cloak)
rCorr   .            C - +0 pair of gloves
SInv    .            (no boots)
Will    .....        (no amulet)
Stlth   ++           d - ring of protection from cold
HPRegen 0.25/turn    s - ring of magical power
MPRegen 0.15/turn

%: no passive effects
@: sleeping
A: spiny 1
a: Renounce Religion


You were on level 4 of the Dungeon.
You worshipped Ashenzari.
Ashenzari was noncommittal.
You visited 1 branch of the dungeon, and saw 4 of its levels.

You collected 256 gold pieces.

Inventory:

Hand Weapons
 c - a +0 dagger
 g - a +1 dagger of speed
 v - a +0 demon blade of venom (weapon)
Missiles
 x - 6 curare-tipped darts
Armour
 a - a +0 robe
 m - the +3 leather armour of Hadjma (worn) {rPois Int+4}
   (You found it on level 2 of the Dungeon)

   Int:       It affects your intelligence (+4).
   rPois:     It protects you from poison.
 C - a +0 pair of gloves (worn)
Magical Staves
 D - a staff of death
Jewellery
 d - a ring of protection from cold (left hand)
 s - a ring of magical power (right hand)
 w - a ring of ice
Scrolls
 h - a scroll of amnesia {unknown}
 k - a scroll of identify {unknown}
 l - a scroll of fear {unknown}
 o - 2 scrolls of silence {unknown}
 q - 3 scrolls of fog {unknown}
 t - a scroll of enchant armour {unknown}
 u - a scroll of noise {unknown}
 y - a scroll of vulnerability {unknown}
 A - a scroll of teleportation {unknown}
 B - a scroll of poison {unknown}
Potions
 b - a potion of magic
 e - a potion of ambrosia {unknown}
 f - a potion of flight {unknown}
 i - a potion of resistance {unknown}
 j - 2 potions of curing {unknown}
 n - 2 potions of attraction {unknown}
 p - 2 potions of berserk rage {unknown}
 r - a potion of degeneration {unknown}
 z - 2 potions of heal wounds {unknown}


   Skills:
 - Level 1.7 Dodging
 - Level 1.7 Stealth
 + Level 2.0 Spellcasting
 + Level 2.7 Conjurations
 - Level 1.0 Transmutations
 - Level 3.0 Air Magic
 + Level 3.0 Poison Magic


You had one spell level left.
You knew the following spells:

 Your Spells              Type           Power      Damage    Failure   Level
a - Sting                 Tmut/Pois      44%        1d5       9%          1
b - Poisonous Vapours     Pois/Air       32%        N/A       9%          2
c - Mephitic Cloud        Conj/Pois/Air  15%        N/A       17%         3

Your spell library contained the following spells:

 Spells                   Type           Power      Damage    Failure   Level
 Olgreb's Toxic Radiance  Pois           16%        N/A       47%         4


Dungeon Overview and Level Annotations

Branches:
Dungeon (4/15)
 Temple: D:4-7

Altars:
Ashenzari
Cheibriados
Hepliaklqana
Okawaru
Ru
Trog
Wu Jian
Xom


Innate Abilities, Weirdness & Mutations

You are partially covered in sharp spines.


Message History

The helpless ball python fails to defend itself.
You slash the ball python!
You kill the ball python!
No target in view!
You see here a staff of death.
D - a staff of death A sleepcap comes into view.
You hit the sleepcap but do no damage. The sleepcap closely misses you.
You slash the sleepcap!
The sleepcap looks as sick as possible!
The sleepcap is moderately damaged.
The sleepcap barely misses you.
You hit the sleepcap.
The sleepcap is heavily damaged.
The sleepcap releases spores at you.
You are engulfed in a cloud of soporific spores!
You fall asleep.
The sleepcap releases spores at you!
You wake up.
Aiming: Sting (safe; 9% risk of failure)
Press: ? - help, Q - select action, (/) - cycle Shift-Dir - straight line, f - sleepcap
Aim: a sleepcap (heavily damaged, extremely poisoned, 100% to hit)
The sting hits the sleepcap but does no damage.
The sleepcap looks as sick as possible!
The sleepcap is heavily damaged.
The sleepcap closely misses you.
Aiming: Sting (safe; 9% risk of failure)
Press: ? - help, Q - select action, (/) - cycle Shift-Dir - straight line, f/p - sleepcap
Aim: a sleepcap (heavily damaged, extremely poisoned, 100% to hit)
The sting hits the sleepcap but does no damage.
The sleepcap looks as sick as possible!
The sleepcap is heavily damaged.
The sleepcap releases spores at you but does no damage.
You slash the sleepcap!
The sleepcap looks as sick as possible!
The sleepcap is almost destroyed.
The sleepcap releases spores at you.
* * * LOW HITPOINT WARNING * * *
You are engulfed in a cloud of soporific spores!
You fall asleep.
The sleepcap releases spores at you!!
Ouch! That really hurt!
You die...

#. .. . ... ##. ....
##..#########
....##..##...#...##
.....#..##..#..#..#
#........#..#@f#
##.....#..#..#..#
#.....##...#...#
##.....#########
#............# #####
#...........<.##.......
..###.........##..# #..
# # ##.......##..#
...## ## ###.........#
#....####.


You could see a sleepcap (extremely poisoned).

Vanquished Creatures
  6 adders
  A worm (D:2)
  A dart slug (D:3)
  3 orcs (D:3)
  3 endoplasms
  3 giant cockroaches
  5 goblins
  3 hobgoblins
  4 jackals (D:1)
  4 kobolds
  2 quokkas
  8 ball pythons
  5 bats
  10 frilled lizards
  5 rats
63 creatures vanquished.

Vanquished Creatures (others)
  21 plants (D:1)
21 creatures vanquished.

Grand Total: 84 creatures vanquished

Notes
Turn   | Place    | Note
-------+----------+-------------------------------------------
     0 | D:1      | testman the Demonspawn Venom Mage began the quest for the
                  | Orb.
     0 | D:1      | Reached XP level 1. HP: 13/13 MP: 3/3
    41 | D:1      | Reached skill level 1 in Transmutations
   198 | D:1      | Reached skill level 1 in Air Magic
   208 | D:1      | Gained mutation: You are partially covered in sharp spines.
                  | [demonic ancestry]
   208 | D:1      | Reached XP level 2. HP: 9/19 MP: 1/5
   315 | D:1      | Learned a level 2 spell: Poisonous Vapours
   769 | D:1      | Reached XP level 3. HP: 24/24 MP: 1/6
   774 | D:1      | Learned a level 3 spell: Mephitic Cloud
  1002 | D:2      | Found an iron altar of Okawaru.
  1138 | D:2      | Identified the +3 leather armour of Hadjma {rPois Int+4}
  1236 | D:2      | Reached skill level 1 in Conjurations
  1333 | D:2      | Reached XP level 4. HP: 30/30 MP: 7/7
  1984 | D:3      | Found a snail-covered altar of Cheibriados.
  1985 | D:3      | Found a sacrificial altar of Ru.
  1986 | D:3      | Found an ornate altar of the Wu Jian Council.
  1986 | D:3      | Found a bloodstained altar of Trog.
  1986 | D:3      | Found a shimmering altar of Xom.
  1986 | D:3      | Found a hazy altar of Hepliaklqana.
  2555 | D:4      | Found a broken altar of Ashenzari.
  2561 | D:4      | Became a worshipper of Ashenzari the Shackled
  2594 | D:4      | Mangled by a sleepcap

Illustrated notes

Levels and vault maps discovered:
D:1:      spicycebolla_arrival_clurvy, layout_loops_cross, minmay_tripent
D:2:      layout_rooms, basic_altar, minmay_lizard_pond
D:3:      layout_loops_corners, grunt_temple_overflow_open
D:4:      layout_cave_pods, nicolae_elyvilon_temple_path,
          evilmike_ruin_ashenzari, marbit_many_paths, serial_shops, shop,
          minmay_misc_feat_chi, uniq_natasha

Skill      XL: |  1  2  3  4 |
---------------+-------------+-----
Transmutations | 1 |  1.0
Air Magic      | 1 2 3 |  3.0
Conjurations   | 1 2 |  2.7
Dodging        | |  1.7
Stealth        | |  1.7
Spellcasting   | |  2.0
Poison Magic   | |  3.0

Action                     |  1- 3 |  4- 6 || total
---------------------------+-------+-------++-------
  Melee: Dagger            |    52 |    13 ||    65
         Demon blade       |       |    23 ||    23
   Cast: Sting             |    18 |    15 ||    33
         Poisonous Vapours |    12 |     2 ||    14
         Mephitic Cloud    |       |     1 ||     1
   Stab: Sleeping          |     5 |     3 ||     8
 Armour: Robe              |     5 |       ||     5
         Leather armour    |     1 |     8 ||     9
  Dodge: Dodged            |    23 |    14 ||    37

Table legend: (Time is in decaauts)
 A = Elapsed time spent in this place.
 B = Non-inter-level travel time spent in this place.
 C = Inter-level travel time spent in this place.
 D = Time resting spent in this place.
 E = Time spent auto-exploring this place.
 F = Levels seen in this place.
 G = Mean time per level.
                   A        B        C        D        E       F      G
               +--------+--------+--------+--------+--------+-----+--------+
         Total |   2582 |   2456 |    126 |     75 |   1895 |   4 |  645.5 |
       Dungeon |   2582 |   2456 |    126 |     75 |   1895 |   4 |  645.5 |
               +--------+--------+--------+--------+--------+-----+--------+

Top non-repeatable levels by time:
     D:3: 945 daAuts
     D:1: 905 daAuts
     D:2: 669 daAuts
     D:4: 61 daAuts
